[Event "Late-Titled-Tuesday-Blitz-January-23-2024"]
[Site "Chess.com"]
[Date "2024.01.23"]
[Round "11"]
[White "rikchessmx"]
[Black "Hirna2005"]
[Result "0-1"]
[WhiteElo "2388"]
[BlackElo "2313"]
[TimeControl "180+1"]
[EndTime "16:03:30 PST"]
[Termination "Hirna2005 won on time"]

1. e4 g6 2. d4 Bg7 3. Nc3 d6 4. f3 a6 5. Be3 Nf6 6. Qd2 O-O 7. h4 h5 8. Nh3 Bxh3 9. Rxh3 Nbd7 10. Be2 c5 11. g4 cxd4 12. Bxd4 Rc8 13. O-O-O Qa5 14. Kb1 Kh7 15. gxh5 Nxh5 16. Bxg7 Kxg7 17. f4 Ndf6 18. f5 Rc5 19. Rg1 Rfc8 20. Bxh5 Nxh5 21. Qg5 Kf8 22. Qh6+ Ke8 23. fxg6 fxg6 24. Qxg6+ Kd7 25. Qg4+ Kd8 26. Rf1 Kc7 27. Nd5+ Kb8 28. c3 Nf6 29.
Nxf6 exf6 30. h5 Rxc3 31. Rxc3 Rxc3 32. bxc3 Qb5+ 33. Kc2 Qxf1 34. Qg6 Qe2+ 35. Kb3 Qd1+ 36.
Kc4 Qe2+ 37. Kd5 Qd3+ 38. Ke6 d5 39. exd5 Qxc3 40. Qxf6 Qc8+ 41. Ke5 Qc3+ 42. Kf5 Qf3+ 43. Kg6 Qe4+ 44. Qf5 Qg2+ 45. Kh7 Ka7 46. h6 Qg3 47.
Qe6 Qd3+ 48. Kg8 Qg3+ 49. Kf8 Qf4+ 50. Ke7 Qg5+ 51. Kd7 Qh5 52. d6 Qh4 53. Kc8 Qh5 54. d7 Qc5+ 55. Kd8 Qf8+ 56. Qe8 Qf6+ 0-1

[Event "Late-Titled-Tuesday-Blitz-January-23-2024"]
[Site "Chess.com"]
[Date "2024.01.23"]
[Round "11"]
[White "The_Machine04"]
[Black "Rawnsdale"]
[Result "1/2-1/2"]
[WhiteElo "2715"]
[BlackElo "2549"]
[TimeControl "180+1"]
[EndTime "16:03:36 PST"]
[Termination "Game drawn by repetition"]

1. d4 d5 2. Nf3 e6 3. e3 Be7 4.
Nbd2 Nf6 5. Bd3 O-O 6. O-O Nbd7 7. Ne5 c5 8. c3 Bd6 9. f4 b6 10. Qf3 Bb7 11. g4 cxd4 12. exd4 Ne4 13. Nxe4 dxe4 14. Bxe4 Bxe4 15. Qxe4 Nf6 16. Qg2 Bxe5 17. fxe5 Nd5 18. Bd2 Rc8 19. Rf3 b5 20. Raf1 a5 21. a3 Qb6 22. Qf2 Rc7 23. h4 Qb7 24. h5 b4 25. axb4 axb4 26. h6 g6 27. Rc1 Rfc8 28. Qf1 Qb6 29. Kh2 bxc3 30. bxc3 Qb2 31. Qg2 Ra7 32.
Bg5 Ra2 33. Qxb2 Rxb2+ 34. Kg3 Kf8 35. c4 Nb6 36. Rcf1 Rc7 37. Bd8 Rd7 38. Bxb6 Rxb6 39. d5 exd5 40. cxd5 Ke8 41. e6 fxe6 42. Rf8+ Ke7 43.
R1f7+ Kd6 44. dxe6 Rxf7 45. Rxf7 Kxe6 46. Rxh7 Kf6 47. Rc7 g5 48. Kf3 Kg6 49. h7 Rb8 50. Ke4 Re8+ 51. Kd5 Kf6 52. Rc1 Kg7 53. Rh1 Kh8 54.
Rh5 Re1 55. Kd4 Rg1 56. Rxg5 Kxh7 57. Ke3 Rf1 58. Rf5 Rxf5 59. gxf5 Kg7 60. Ke4 Kf7 61.
Kf4 Kf6 62. Ke4 Kf7 63. Ke5 Ke7 64. Ke4 Kf7 1/2-1/2

[Event "Late-Titled-Tuesday-Blitz-January-23-2024"]
[Site "Chess.com"]
[Date "2024.01.23"]
[Round "11"]
[White "BogdanDeac"]
[Black "FairChess_on_YouTube"]
[Result "1-0"]
[WhiteElo "3089"]
[BlackElo "3090"]
[TimeControl "180+1"]
[EndTime "16:03:37 PST"]
[Termination "BogdanDeac won by checkmate"]

1. d4 g6 2. e4 Bg7 3. Nc3 c6 4. h3 d6 5. Be3 Nf6 6. Bd3 O-O 7. Nf3 Nbd7 8. O-O e5 9. dxe5 Nxe5 10. Nxe5 dxe5 11. a4 Nh5 12. Qd2 Be6 13. a5 Qe7 14. Rfd1 Rfd8 15. Ne2 Qc7 16. b3 Rd7 17. Qc1 a6 18.
Bb6 Qc8 19. Rb1 Qf8 20. Bc4 Qe7 21. Rd3 Rxd3 22. cxd3 Bd7 23. Qe3 Qh4 24. d4 Re8 25.
d5 Nf4 26. Nxf4 exf4 27. Qf3 Be5 28. Rd1 g5 29. dxc6 Bxc6 30. Bd5 Bb5 31. Bc4 Bc6 32. Qg4 Qxg4 33. hxg4 Kg7 34. f3 Rc8 35. Kf2 h6 36. Ke2 Kf6 37. Bd8+ Kg7 38. Bb6 Kf6 39. Rd3 Bb5 40.
Bxb5 axb5 41. Rd7 Rc2+ 42. Kd1 Rxg2 43. Rxb7 h5 44. a6 hxg4 45. a7 Ra2 46. fxg4 f3 47. Rb8 f2 48. Bxf2 Ra1+ 49. Ke2 Ra2+ 50. Kf3 Bg3 51.
Bd4+ Ke6 52. a8=Q Ra3 53. Rb6+ Bd6 54. Rxd6+ Kxd6 55. Qxa3+ Kd7 56. Qb2 Ke6 57. Qc2 f5 58. Qc5 f4 59. Ke2 Kf7 60. Kf2 Kg6 61. Qf5+ Kh6 62.
Qf6+ Kh7 63. Qg7# 1-0

[Event "Late-Titled-Tuesday-Blitz-January-23-2024"]
[Site "Chess.com"]
[Date "2024.01.23"]
[Round "11"]
[White "dropstoneDP"]
[Black "Jospem"]
[Result "1-0"]
[WhiteElo "3062"]
[BlackElo "3088"]
[TimeControl "180+1"]
[EndTime "16:03:38 PST"]
[Termination "dropstoneDP won on time"]

1. e4 Nc6 2. Nf3 d6 3. d4 Nf6 4. Nc3 g6 5. d5 Nb8 6. Bc4 Bg4 7. h3 Bxf3 8. Qxf3 Nbd7 9. Qe2 Bg7 10. O-O O-O 11. a4 c6 12. a5 Rc8 13. a6 b5 14.
dxc6 bxc4 15. cxd7 Nxd7 16. Be3 Bxc3 17. bxc3 Qc7 18. Rfb1 Rb8 19. Rb4 Rfc8 20. Bd4 Qc6 21. Bxa7 Ra8 22. Rb7 e5 23. Kh2 Rf8 24. Be3 Rfc8 25.
Qg4 Nf8 26. Qf3 Rc7 27. Rb6 Qd7 28. Rd1 Rc6 29. Rb7 Rc7 30. Rxc7 Qxc7 31. a7 Ne6 32. Qf6 h5 33. g4 h4 34. Qxh4 Nc5 35. Bxc5 Qxc5 36.
Qf6 Rxa7 37. Rxd6 Ra8 38. Kg2 Re8 39. h4 Qc8 40. Kg3 Qa8 41. Rd7 Rf8 42. Qxe5 Qa1 43. Kg2 Qe1 44. Re7 Qe2 45. Qf4 Qxc2 46. h5 Qd3 47.
Qe5 Qd1 48. Qg5 Qd3 49. hxg6 Qd6 50. gxf7+ Kh7 51. Re5 Rxf7 52. Qh5+ Kg8 53. Rg5+ Kf8 54. Qh8+ Ke7 55. Re5+ Kd7 56. Qe8+ Kc7 57. Qxf7+ 1-0

[Event "Late-Titled-Tuesday-Blitz-January-23-2024"]
[Site "Chess.com"]
[Date "2024.01.23"]
[Round "11"]
[White "iturrizaga"]
[Black "Igor_Lysyj"]
[Result "1-0"]
[WhiteElo "3015"]
[BlackElo "2885"]
[TimeControl "180+1"]
[EndTime "16:03:38 PST"]
[Termination "iturrizaga won by resignation"]

1. b3 d5 2. Bb2 Bf5 3. Nf3 e6 4. g3 h6 5. Bg2 Nf6 6. O-O Be7 7. c4 c6 8. Nc3 O-O 9. d3 Bh7 10. a3 Nbd7 11. b4 a5 12. c5 Qc7 13. d4 Ne4 14. e3 axb4 15. axb4 Nxc3 16. Bxc3 Be4 17. Qe2 Bf6 18. Bh3 Bf5 19. Bg2 e5 20. Qb2 e4 21.
Nd2 b5 22. Nb3 h5 23. Rxa8 Rxa8 24. Ra1 Qc8 25. Ra3 Bd8 26. Qa1 Rxa3 27. Qxa3 Qb7 28.
h4 f6 29. Nd2 Bg4 30. Nxe4 dxe4 31. Qa2+ Kf8 32. Bxe4 Nb8 33. d5 Qa6 34. Qd2 cxd5 35. Qxd5 Be7 36. c6 Qc8 37. Qxb5 Na6 38. Qa5 Qe6 39. Bd5 Qd6 40. e4 Nc7 41. Kg2 Be6 42.
Bxe6 Nxe6 43. Qxh5 Qxc6 44. Qf3 Kf7 45. h5 Qc4 46. e5 Ng5 47. Qe3 Qe4+ 48. Qxe4 Nxe4 49.
exf6 Nxc3 50. fxe7 Kxe7 51. Kf3 Kd6 52. Kg4 Nd5 53. Kg5 Nxb4 54. Kg6 Nd3 55. f4 Nf2 56. Kxg7 Ne4 57. h6 Nxg3 58. h7 Nh5+ 59. Kf7 1-0

[Event "Late-Titled-Tuesday-Blitz-January-23-2024"]
[Site "Chess.com"]
[Date "2024.01.23"]
[Round "11"]
[White "Fh2411"]
[Black "youngdinousaur"]
[Result "1-0"]
[WhiteElo "2573"]
[BlackElo "2347"]
[TimeControl "180+1"]
[EndTime "16:03:42 PST"]
[Termination "Fh2411 won on time"]

1. d4 Nf6 2. c4 e6 3. Nf3 d5 4. Nc3 Bb4 5. Bg5 Nbd7 6. e3 c5 7. a3 Bxc3+ 8. bxc3 Qa5 9. Bxf6 Qxc3+ 10. Nd2 Nxf6 11. cxd5 cxd4 12. Bb5+ Bd7 13. Bxd7+ Nxd7 14. dxe6 fxe6 15. O-O O-O 16. Ne4 Qc4 17. Rc1 Qd5 18.
Qxd4 Qxd4 19. exd4 Nf6 20. Nc5 b6 21. Nxe6 Rfc8 22.
Nc7 Rab8 23. Rfd1 Rb7 24. Na6 Rxc1 25. Rxc1 Rd7 26. Rd1 Kf7 27. g3 Rd5 28. Nb4 Ra5 29. Rd3 Nd5 30. Nxd5 Rxd5 31. Kg2 b5 32. Kf3 a5 33. Ke4 Ke6 34. Rc3 Rh5 35. Rc6+ Kd7 36. Ra6 b4 37. axb4 axb4 38. Rb6 Rxh2 39. Kf3 g5 40.
Rxb4 Kd6 41. Rb5 g4+ 42. Ke3 Rh6 43. Rg5 Re6+ 44. Kd3 Rf6 45. Ke2 Re6+ 46. Kd3 Rf6 47. Rxg4 Rxf2 48. Rh4 Rf3+ 49. Kc4 Rxg3 50. Rxh7 Rg6 51.
Ra7 Rg1 52. Ra6+ Kd7 53. Kc5 Rc1+ 54. Kd5 Rg1 55. Ra7+ Kd8 56. Kc5 Rg5+ 57. d5 Rg1 58. Kc6 Rc1+ 59. Kd6 Ke8 60. Ra8+ Kf7 61. Kd7 Kf6 62. d6 1-0

[Event "Late-Titled-Tuesday-Blitz-January-23-2024"]
[Site "Chess.com"]
[Date "2024.01.23"]
[Round "11"]
[White "Siemba"]
[Black "GMKrikor"]
[Result "0-1"]
[WhiteElo "2575"]
[BlackElo "2772"]
[TimeControl "180+1"]
[EndTime "16:03:43 PST"]
[Termination "GMKrikor won by checkmate"]

1. e4 e6 2. d4 d5 3. Nc3 Nf6 4. Bg5 dxe4 5. Nxe4 Be7 6. Bxf6 gxf6 7. Nf3 f5 8. Nc3 a6 9. g3 b5 10. Bg2 Bb7 11.
O-O O-O 12. Ne5 Bxg2 13. Kxg2 c5 14. Qf3 Ra7 15. dxc5 Qc7 16. Rfe1 Qxc5 17. Rad1 Bf6 18. Nd3 Qc6 19. Nb4 Qxf3+ 20. Kxf3 Bxc3 21. bxc3 Rc7 22. Rd3 a5 23. Nd5 exd5 24. Re5 Rfc8 25. Rxf5 Rxc3 26. Rxd5 Rxc2 27. Rxb5 Nc6 28. a4 Rc4 29. Kg2 Rxa4 30. Rd7 Re4 31. Rg5+ Kf8 32. Rh5 Re7 33. Rxh7 Rxd7 34. Rh8+ Ke7 35. Rxc8 Kd6 36. h4 f5 37. h5 Ra7 38. Rg8 a4 39. h6 a3 40. Rg6+ Kc5 41.
Rf6 a2 42. Rxf5+ Kc4 43. Rf4+ Nd4 44. Rh4 a1=Q 45. h7 Ra8 46. h8=Q Rxh8 47. Rxh8 Qd1 48. Rf8 Kd5 49. Rf4 Ke5 50. Kh3 Qh1+ 51. Kg4 Qd1+ 52.
f3 Ne6 53. Re4+ Kf6 54. Re3 Qd5 55. f4 Qf5+ 56. Kf3 Nd4+ 57. Kf2 Qc2+ 58. Kf1 Qd2 59.
Re5 Nf3 60. Re2 Qd3 61. Kf2 Nd4 62. Re5 Qd2+ 63. Kf1 Nf5 64. g4 Ne3+ 65. Kg1 Qg2# 0-1

[Event "Late-Titled-Tuesday-Blitz-January-23-2024"]
[Site "Chess.com"]
[Date "2024.01.23"]
[Round "11"]
[White "BeardedNM"]
[Black "UnTucopalaTimba"]
[Result "1-0"]
[WhiteElo "2200"]
[BlackElo "1921"]
[TimeControl "180+1"]
[EndTime "16:03:45 PST"]
[Termination "BeardedNM won by resignation"]

1. e4 c6 2. d4 d5 3. e5 Bf5 4.
Nf3 e6 5. Be2 Ne7 6. O-O Nd7 7.
Nbd2 Nc8 8. Nb3 Be7 9. a4 a6 10. a5 Na7 11. Be3 Nb5 12. c4 dxc4 13. Bxc4 Qc7 14. Bd3 Bxd3 15. Qxd3 Rd8 16. Qe4 Nf8 17. h4 h5 18. Bg5 Bxg5 19. Nxg5 Ng6 20. Nxe6 fxe6 21.
Qxg6+ Qf7 22. Qe4 Qf5 23. Rfe1 O-O 24. Qxf5 Rxf5 25. Re4 Rdf8 26. f3 Rd8 27. Rd1 Nc7 28.
Nc5 Rd5 29. Nxb7 Rb5 30. Nd6 Rxb2 31. Nxf5 exf5 32. Ree1 Ne6 33. g3 Rb3 34. Kf2 Rb5 35. Ke3 Rxa5 36. Ra1 Rb5 37. Rxa6 Rb3+ 38. Kf2 Nxd4 39.
Re3 Rb2+ 40. Kg1 Ne2+ 41. Kh2 Nf4+ 42. Kh1 Rb1+ 43. Kh2 Rb2+ 44. Kg1 Rg2+ 45. Kf1 Rxg3 46. e6 Nd5 47. Re2 Rxf3+ 48. Ke1 Ne7 49. Ra7 Nd5 50.
e7 Nxe7 51. Rexe7 Rg3 52. Rf7 Rg1+ 53. Kf2 Rg4 54. Rxf5 Rxh4 55. Rg5 Rg4 56. Rxg4 hxg4 57. Kg3 Kf8 58. Rc7 g5 59. Rxc6 Kg7 60. Ra6 1-0

[Event "Late-Titled-Tuesday-Blitz-January-23-2024"]
[Site "Chess.com"]
[Date "2024.01.23"]
[Round "11"]
[White "alexrustemov"]
[Black "TanitoluwaAps116"]
[Result "1/2-1/2"]
[WhiteElo "2830"]
[BlackElo "2718"]
[TimeControl "180+1"]
[EndTime "16:03:46 PST"]
[Termination "Game drawn - insufficient material"]

1. d4 Nf6 2. c4 e6 3. Nf3 b6 4. g3 Ba6 5. b3 Bb4+ 6. Bd2 Be7 7.
Bg2 c6 8. Bc3 d5 9. Nbd2 Nbd7 10. O-O O-O 11. Rc1 Rc8 12. Re1 Re8 13. e4 dxe4 14.
Nxe4 Nxe4 15. Rxe4 Nf6 16. Re1 c5 17. Ne5 cxd4 18. Qxd4 Qxd4 19. Bxd4 Red8 20. Red1 Rd6 21. Be3 Kf8 22. Rxd6 Bxd6 23. Nc6 Rc7 24. b4 Bb7 25. b5 Bxc6 26. Bxc6 Nd7 27. Bxd7 Rxd7 28. c5 bxc5 29. Bxc5 Ke7 30. a4 Rc7 31. Be3 Rxc1+ 32.
Bxc1 Bc5 33. a5 Kd6 34. Kf1 Bd4 35. Ba3+ Kd5 36. Bf8 g6 37. Ke2 Kc4 38. b6 axb6 39. axb6 Bxb6 40. g4 f5 41. f3 Kd5 42. h3 h5 43. gxh5 gxh5 44. Bh6 Bd4 45. Bd2 Bf6 46. Bf4 Be5 47. Bd2 Bd6 48. Be3 e5 49. Bd2 Ke6 50.
Be3 Be7 51. Bd2 Kf6 52. Be3 Kg6 53. Bd2 Bg5 54. Be1 Bf4 55. Bf2 Kg5 56. Be1 Bh2 57.
Kf1 h4 58. Kg2 Bg3 59. Bxg3 hxg3 60. Kxg3 Kh5 61. Kg2 Kh4 62. Kh2 e4 63. fxe4 fxe4 64.
Kg2 e3 65. Kf3 e2 66. Kxe2 Kxh3 1/2-1/2

[Event "Late-Titled-Tuesday-Blitz-January-23-2024"]
[Site "Chess.com"]
[Date "2024.01.23"]
[Round "11"]
[White "GlavkonVVS"]
[Black "Yurovskykh_Oleksandr"]
[Result "0-1"]
[WhiteElo "2507"]
[BlackElo "2623"]
[TimeControl "180+1"]
[EndTime "16:03:51 PST"]
[Termination "Yurovskykh_Oleksandr won by resignation"]

1. Nf3 d5 2. g3 c6 3. Bg2 Bg4 4. O-O Nd7 5. d3 e6 6. Nbd2 Bd6 7. c4 Ngf6 8. a3 a5 9. Rb1 Qe7 10. h3 Bh5 11. g4 Bg6 12. Nh4 O-O 13. Nxg6 hxg6 14.
e3 Rab8 15. d4 b5 16. c5 Bc7 17. f4 a4 18. b4 axb3 19. Rxb3 Ra8 20. g5 Nh5 21. Qg4 Ra4 22. Nf3 Rfa8 23. h4 Kh7 24.
Bh3 Rc4 25. Qg2 f5 26. gxf6 gxf6 27. Nd2 Rca4 28. Bg4 f5 29. Bxh5 gxh5 30. Nf3 Nf6 31. Ng5+ Kh6 32. Qf3 Ng4 33. Qe2 Bd8 34. e4 dxe4 35.
Nxe4 fxe4 36. f5+ Kg7 37. Qxe4 exf5 38. Qxf5 Qe8 39. Bg5 R8a7 40. Rbf3 Bxg5 41. Qxg5+ Qg6 42. Qf4 Ra8 43. Qc7+ Kg8 44. Rf5 R4a7 45. Qf4 Rg7 46. Rg5 Qh6 47. Qe4 Rxg5 48. hxg5 Qxg5 49. Rf5 Qg7 50.
Qxc6 Ne3+ 51. Kf2 Nxf5 52. Qxa8+ Qf8 53. Qd5+ Qf7 54. Qe5 Nxd4+ 55. Ke3 Ne6 56. c6 Kf8 57. Ke4 Ke8 58. Kd5 Kd8 59. Qxe6 Qxe6+ 60. Kxe6 Kc7 61. Kd5 h4 62. Ke4 Kxc6 63. Kf4 Kb6 64. Kg4 Ka5 65. Kxh4 Ka4 66. Kg3 Kxa3 67. Kf2 Ka2 68.
Ke2 b4 69. Kd2 b3 70. Kc1 b2+ 71. Kc2 b1=Q+ 0-1

[Event "Late-Titled-Tuesday-Blitz-January-23-2024"]
[Site "Chess.com"]
[Date "2024.01.23"]
[Round "11"]
[White "mfwagnerpeixoto"]
[Black "jjbolanos"]
[Result "1/2-1/2"]
[WhiteElo "2315"]
[BlackElo "2176"]
[TimeControl "180+1"]
[EndTime "16:03:53 PST"]
[Termination "Game drawn by repetition"]

1. d4 d5 2. c4 e6 3. Nf3 Nf6 4. g3 Be7 5. Bg2 O-O 6. O-O dxc4 7. Qc2 a6 8. a4 Bd7 9. Qxc4 Bc6 10. Bg5 Bd5 11.
Qc1 h6 12. Bxf6 Bxf6 13. e3 c6 14. Nc3 Bxf3 15. Bxf3 a5 16. Ne4 Na6 17. Nc5 Nxc5 18. Qxc5 Be7 19. Qc2 Rc8 20. Rfd1 Qd7 21. Qe4 b5 22.
axb5 cxb5 23. Rxa5 Bb4 24. Raa1 Rc4 25. Be2 Rc7 26. Qd3 Rfc8 27. Qxb5 Qxb5 28. Bxb5 Rc2 29. Bd3 Rxb2 30. Rab1 Ba3 31. Rxb2 Bxb2 32. Kg2 Rc1 33. Rd2 Bc3 34. Ra2 g6 35. h4 Rd1 36. Be4 Be1 37. h5 g5 38. g4 Rd2 39. Rxd2 Bxd2 40. Kf3 Kf8 41. Bd3 Ke7 42. Ke4 f6 43.
f4 Bc3 44. d5 exd5+ 45. Kxd5 Bd2 46. Ke4 Kf8 47. fxg5 fxg5 48. Kf5 Kg7 49. e4 Bb4 50. e5 Bf8 51. Ke6 Bc5 52. Kd7 Kf8 53. Bg6 Bd4 54. Ke6 Kg7 55. Kd5 Bb2 56. Be4 Kf7 57. Kd6 Ba3+ 58.
Kd7 Bb4 59. Bd5+ Kg7 60. Ke6 Bc3 61. Kd6 Bb4+ 62. Kd7 Ba3 63. Be4 Kf7 64. Bg6+ Kf8 65. Ke6 Kg7 66. Kf5 Bb2 67. Be8 Bc3 68. Bc6 Bb2 69. Be4 Bc3 70. e6 Bb4 71. Ke5 Be7 72. Kf5 Bd6 73. Bd5 Be7 74. Bb3 Bd6 75. Bc2 Be7 76. Bd3 Bd6 77. Be4 Be7 78. Ke5 Kf8 79. Bf5 Kg7 80. Kd5 Kf6 81. Ke4 Bd6 82. Kd5 Be7 83.
Ke4 Bd8 84. Kd5 Bc7 85. Ke4 Bf4 86. Kd5 Bc7 87. Kc6 Bd8 88. Kd5 Be7 1/2-1/2

[Event "Late-Titled-Tuesday-Blitz-January-23-2024"]
[Site "Chess.com"]
[Date "2024.01.23"]
[Round "11"]
[White "rhungaski"]
[Black "NovakRatko"]
[Result "1-0"]
[WhiteElo "2498"]
[BlackElo "2354"]
[TimeControl "180+1"]
[EndTime "16:03:55 PST"]
[Termination "rhungaski won on time"]

1. e4 d5 2. exd5 c6 3. d4 cxd5 4. Bd3 Nc6 5. c3 g6 6. Bf4 f6 7. Nf3 Bg7 8. O-O Bg4 9. Re1 Qd7 10. h3 Bf5 11. c4 Bxd3 12. Qxd3 g5 13. Bh2 dxc4 14.
Qxc4 O-O-O 15. Nc3 e6 16. Nb5 Qd5 17. Nxa7+ Kd7 18.
Qxd5+ exd5 19. Nxc6 bxc6 20. Rac1 Ne7 21. Rc2 h5 22. Rec1 Rc8 23. b4 g4 24. hxg4 hxg4 25. Nd2 Nf5 26. Nb3 Bf8 27. b5 g3 28. Bxg3 Nxg3 29.
fxg3 Ba3 30. bxc6+ Kd6 31. Rf1 Rh6 32. Rcf2 Rf8 33.
Rf5 Kxc6 34. Nd2 Kd6 35. Nf3 Bb2 36. Kf2 Ke6 37. g4 Rg6 38. Re1+ Kd6 39. Re2 Ba1 40. g5 Rfg8 41. Rxf6+ Rxf6 42. gxf6 Rf8 43. g4 Rxf6 44. Kg3 Rg6 45. Kh4 Bc3 46. Kh5 Rg8 47. g5 Ba5 48.
Ne5 Bc3 49. Nf3 Ba5 50. g6 Rf8 51. Ne5 Bc3 52. g7 Rg8 53. Kg6 Bxd4 54. Nf7+ Kc5 55. Rc2+ Kb4 56. Nd6 Rxg7+ 57. Kf5 Rg2 58. Rxg2 Kc5 59. Ke6 Be3 60. Nf5 Bc1 61. Rc2+ Kb4 62.
Rxc1 1-0

[Event "Late-Titled-Tuesday-Blitz-January-23-2024"]
[Site "Chess.com"]
[Date "2024.01.23"]
[Round "11"]
[White "ErikRonka"]
[Black "ChessSwole"]
[Result "1-0"]
[WhiteElo "2495"]
[BlackElo "2597"]
[TimeControl "180+1"]
[EndTime "16:03:57 PST"]
[Termination "ErikRonka won by checkmate"]

1. e4 e5 2. Nf3 Nf6 3. Nxe5 d6 4. Nf3 Nxe4 5. d3 Nf6 6. d4 Be7 7. Bd3 O-O 8. O-O c6 9. h3 a5 10. c4 Na6 11. Nc3 Nc7 12. Re1 h6 13. Bc2 Be6 14.
Qd3 Re8 15. Ne4 Nxe4 16. Qxe4 f5 17.
Qd3 Bf6 18. Bd2 Qd7 19. Re2 a4 20. Rae1 b5 21. b3 axb3 22. axb3 Ra2 23. Bb1 Ra3 24. d5 bxc4 25. Qxc4 Bxd5 26. Rxe8+ Nxe8 27. Qf4 Be6 28. Bc2 Ra2 29. Bd3 c5 30. Bb5 Qxb5 31. Rxe6 Qd7 32. Qxf5 Qf7 33. Qe4 Kf8 34. Qe1 Be7 35. Re2 Bf6 36. Bf4 Ra1 37. Bc1 Nc7 38. Kh2 Qxb3 39. Qd2 Qd5 40. Qe3 Kg8 41. Bb2 Bxb2 42. Rxb2 Qe6 43. Qd3 Nd5 44. Re2 Qf7 45. Qe4 Ra8 46. g3 Rf8 47. Kg2 Nf6 48. Qf5 Qd7 49. Qf4 d5 50. Ne5 Qc7 51. Ng6 Qxf4 52. gxf4 Rd8 53.
f5 d4 54. Kf3 d3 55. Rd2 c4 56. Ne5 Kf8 57. Nxc4 Rd4 58. Ne5 Rh4 59. Ng6+ Kf7 60.
Nxh4 Nd7 61. Rxd3 Ne5+ 62. Ke4 Nc4 63. Rd7+ Kf6 64. Nf3 h5 65. Ra7 h4 66. Kf4 Nb2 67. Ra6+ Kf7 68. Ng5+ Ke7 69. Ra7+ Kf6 70. Rf7# 1-0

[Event "Late-Titled-Tuesday-Blitz-January-23-2024"]
[Site "Chess.com"]
[Date "2024.01.23"]
[Round "11"]
[White "Atousa"]
[Black "NitaLucian"]
[Result "0-1"]
[WhiteElo "2445"]
[BlackElo "2337"]
[TimeControl "180+1"]
[EndTime "16:03:58 PST"]
[Termination "NitaLucian won by resignation"]

1. d4 d6 2. e4 Nf6 3. Nc3 e5 4. Nf3 Nbd7 5. Bc4 Be7 6. O-O O-O 7. h3 c6 8. a4 a5 9. Re1 Nb6 10. Ba2 Nfd7 11. Be3 exd4 12. Bxd4 Nc5 13. Bxc5 dxc5 14.
Qe2 Qd6 15. Rad1 Qg6 16. Ne5 Qg5 17. Nf3 Qg6 18. Kh1 Nd7 19. Qe3 Re8 20. Rxd7 Bxd7 21. Ne5 Bg5 22. Qg3 Rxe5 23. Qxe5 Re8 24. Qc7 Bc8 25.
Qxa5 Be7 26. Qc7 Bd6 27. Qb6 Qf6 28. Nd1 Bxh3 29. Qxb7 Bc8 30. Qxf7+ Qxf7 31. Bxf7+ Kxf7 32. f3 Be5 33. c3 c4 34. Ne3 Be6 35. Kg1 Ra8 36.
Ra1 Rb8 37. Ra2 Bf4 38. Kf2 Bxe3+ 39. Kxe3 c5 40. a5 Ra8 41. a6 Ra7 42. Ra5 Bc8 43. Rxc5 Bxa6 44. Rc6 h6 45. Rb6 Bb7 46. Rb4 Ba8 47.
Rxc4 Rb7 48. b4 Ra7 49. Rc5 Ke7 50. b5 Kd6 51. Rf5 Rc7 52. Kd4 Bb7 53. c4 Bc8 54. c5+ Ke6 55. Re5+ Kf6 56. b6 Rc6 57. Rd5 Be6 58. Rd6 Rxd6+ 59. cxd6 Bc8 60. b7 Bxb7 61. e5+ Ke6 62. Ke3 Bc6 63. g3 Kxe5 64. f4+ Kxd6 65. Kd4 Ke7 66. Ke5 Bd7 67. f5 Kf7 68. g4 Be8 69. Kf4 Kf6 70. Kf3 Bc6+ 71. Kf4 Bd5 72. Kg3 Kg5 73. Kh3 Bf3 74. Kg3 Bxg4 75. Kf2 Bxf5 76. Kg1 Kf4 77. Kh1 Kg3 0-1

[Event "Late-Titled-Tuesday-Blitz-January-23-2024"]
[Site "Chess.com"]
[Date "2024.01.23"]
[Round "11"]
[White "DanylaBagrov"]
[Black "Kamilek84"]
[Result "1-0"]
[WhiteElo "2559"]
[BlackElo "2711"]
[TimeControl "180+1"]
[EndTime "16:03:59 PST"]
[Termination "DanylaBagrov won by resignation"]

1. d4 Nf6 2. Bf4 d5 3. e3 e6 4.
Nf3 Bd6 5. Bg3 O-O 6. Nbd2 Ne4 7. Nxe4 dxe4 8. Nd2 f5 9. Bxd6 cxd6 10. f3 d5 11. f4 g5 12. g3 gxf4 13. gxf4 Qh4+ 14. Ke2 Bd7 15. Qe1 Qe7 16. Rg1+ Kh8 17. Qg3 Nc6 18.
Qg5 Qf7 19. Bh3 Rg8 20. Qh6 Rg6 21. Rxg6 Qxg6 22. Qh4 Rg8 23. c3 Qg7 24. Kf2 Ne7 25. Rh1 Bb5 26. Nf1 Bxf1 27. Bxf1 Ng6 28. Qh5 b5 29. Rg1 b4 30. c4 b3 31. a3 Qc7 32. c5 Rg7 33. Qd1 Nxf4 34. Rxg7 Kxg7 35. exf4 Qxf4+ 36. Kg2 Qg5+ 37. Kh1 f4 38. c6 f3 39. c7 f2 40. Bg2 Qe3 41. Qf1 Qe1 42.
c8=Q e3 43. Qd7+ Kf6 44. Qd8+ Kf5 45. Qf8+ Kg6 46. Qf3 e2 47. Qxe2 Qa5 48. Qexf2 Qd8 49. Qf6+ Qxf6 50. Qxf6+ Kxf6 51. Kg1 Kf5 52. Kf2 Kf4 53.
Bh3 e5 54. dxe5 Kxe5 55. Ke3 d4+ 56. Kd3 Kf4 57. Kxd4 h5 58. Be6 Kf3 59. Bxb3 Kg2 60. h4 Kg3 61. Bd1 Kxh4 62. Bxh5 Kg5 63. Be2 Kf4 64.
Kc5 Ke3 65. Bh5 Kd2 66. Kb4 Kc2 67. b3 Kb2 68. Bf7 Ka2 69. a4 Ka1 70. Ka5 Ka2 71. Ka6 Ka3 72. Kxa7 Kb4 73. Kb6 Ka3 74. a5 Kb2 75. a6 Kc3 76. a7 Kb4 77. a8=Q Kc3 78. Qc6+ 1-0

[Event "Late-Titled-Tuesday-Blitz-January-23-2024"]
[Site "Chess.com"]
[Date "2024.01.23"]
[Round "11"]
[White "greekplayer1"]
[Black "brunoo2003"]
[Result "0-1"]
[WhiteElo "2720"]
[BlackElo "2571"]
[TimeControl "180+1"]
[EndTime "16:04:01 PST"]
[Termination "brunoo2003 won by checkmate"]

1. e4 Nc6 2. d4 d5 3. exd5 Qxd5 4. Nf3 Bg4 5. Be2 O-O-O 6. Nc3 Qa5 7. Be3 Nf6 8. h3 Bxf3 9. Bxf3 e5 10. d5 e4 11.
Bg4+ Kb8 12. O-O Nxd5 13. Nxd5 Qxd5 14. Qc1 Bd6 15. c4 Qe5 16. g3 h5 17. Be2 h4 18.
c5 Be7 19. g4 Nd4 20. Bxd4 Rxd4 21. b4 Rxb4 22. Kg2 Bxc5 23. a3 Rb2 24. Qc4 Bd6 25. Rh1 f5 26. gxf5 Qxf5 27. Rhb1 Rxb1 28. Rxb1 Rf8 29.
Qd4 Bc5 30. Qc4 Qxf2+ 31. Kh1 Qe3 32. Bg4 Bb6 33. a4 a5 34. Rd1 Ka7 35. Qe2 Qxe2 36. Bxe2 Rf2 37. Bg4 e3 38. Re1 Ra2 39. Bd7 c6 40.
Bg4 Rxa4 41. Kg2 Ra2+ 42. Kf3 Rf2+ 43. Ke4 a4 44. Kd3 a3 45. Ra1 Bc5 46. Kc4 Be7 47. Kd3 Rb2 48. Kxe3 b5 49. Bf3 Kb6 50. Rc1 Bc5+ 51.
Kd3 b4 52. Ra1 b3 53. Kc4 a2 54. Be4 Be7 55. Kc3 Bf6+ 56. Kb4 c5+ 57. Ka3 c4 58. Rc1 c3 59. Bd5 c2 60. Bxb3 Rxb3+ 61. Kxb3 a1=Q 62. Rxa1 Bxa1 63. Kxc2 Bf6 64. Kd3 Kc6 65. Ke4 Kd7 66. Kf5 Ke7 67. Kg6 Kf8 68. Kf5 Kf7 69. Kg4 g5 70.
Kf5 Ke7 71. Ke4 Ke6 72. Kf3 Kf5 73. Kg2 Kf4 74. Kf2 Be7 75. Kg2 Ke3 76. Kg1 Kf3 77.
Kh2 Kf2 78. Kh1 Kg3 79. Kg1 Kxh3 80. Kh1 g4 81. Kg1 g3 82. Kh1 g2+ 83. Kg1 Bc5# 0-1

[Event "Late-Titled-Tuesday-Blitz-January-23-2024"]
[Site "Chess.com"]
[Date "2024.01.23"]
[Round "11"]
[White "Byniolus"]
[Black "Vladimir_2020"]
[Result "1/2-1/2"]
[WhiteElo "2849"]
[BlackElo "2731"]
[TimeControl "180+1"]
[EndTime "16:04:02 PST"]
[Termination "Game drawn by repetition"]

1. d4 d5 2. Nf3 Nf6 3. Bf4 e6 4.
e3 Bd6 5. Bg3 c5 6. Nbd2 O-O 7. c3 Qc7 8. Be2 Nbd7 9. c4 cxd4 10.
Nxd4 Bxg3 11. hxg3 dxc4 12. Nxc4 Nb6 13. Rc1 Nxc4 14.
Bxc4 Qa5+ 15. Qd2 Qxd2+ 16. Kxd2 Bd7 17. Bb5 e5 18. Bxd7 exd4 19. Bh3 Ne4+ 20. Ke2 dxe3 21.
Kxe3 Rfe8 22. Kf3 Nd2+ 23. Kg4 Re4+ 24. f4 g6 25. Rhe1 Rae8 26. Rxe4 Rxe4 27. Rc2 Rd4 28. Kh4 Kg7 29. Bc8 b6 30. b3 Ne4 31. Bb7 Nd6 32. Bf3 Nf5+ 33. Kh3 h5 34. Rc7 a5 35. Rb7 Rd6 36.
g4 hxg4+ 37. Bxg4 Ne3 38. Bf3 Nc2 39. Be2 Ne3 40. Kg3 Kf6 41. Kf2 Nd5 42. Bc4 Nxf4 43. Rxf7+ Ke5 44. Kf3 Nd5 45. Kg4 Nc3 46. a4 Ne4 47. Rf3 Nf6+ 48. Kg5 Ne4+ 49. Kg4 Nd2 50. Re3+ Kf6 51. Kg3 Nxc4 52. bxc4 Rd4 53. Rb3 Rd6 54. Rb5 Rc6 55. Kh3 Rxc4 56. Rxb6+ Kg7 57. Ra6 Rxa4 58. g4 Kh6 59. Kh4 Ra1 60. g5+ Kg7 61. Ra7+ Kg8 62. Kg4 a4 63. Kg3 a3 64. Kg2 Kf8 65. Ra6 Kf7 66. Kh2 Kg7 67. Kg2 Kf7 68. Kh2 Ra2+ 69. Kg3 Ra1 70. Kg2 Ra2+ 71. Kg3 Ra1 72. Kg2 Ra2+ 73.
Kg3 1/2-1/2